 Dungeon Crawl Stone Soup version 0.21-a0-110-g8e1637b (webtiles) character file.

28158 Ordine the Basher (level 13, -1/75 HPs)
             Began as a Gargoyle Fighter on July 7, 2017.
             Was the Champion of Okawaru.
             Splashed by an oklob plant's acid (3 damage)
             ... on level 3 of the Lair of Beasts.
             The game lasted 00:37:04 (11432 turns).

Ordine the Basher (Gargoyle Fighter)               Turns: 11432, Time: 00:37:05

Health: -1/75      AC: 30    Str: 26    XL:     13   Next: 37%
Magic:  17/17      EV:  6    Int: 10    God:    Okawaru [******]
Gold:   335        SH: 18    Dex: 13    Spells: 11/12 levels left

rFire    . . .     SeeInvis .   J - +6 eveningstar
rCold    . . .     Gourm    .   c - +1 shield
rNeg     + + +     Faith    .   H - +11 crystal plate armour "Nonaent" {rPois rN+}
rPois    ∞         Spirit   .   K - +2 hat
rElec    +         Reflect  +   d - +2 cloak
rCorr    +         Harm     .   (no gloves)
MR       .....                  t - +2 pair of boots
Stlth    ..........             G - amulet of Lady Luck {Reflect Str+6 SH+4}
HPRegen  0.22/turn              i - ring of positive energy
MPRegen  0.15/turn              u - ring of resist corrosion

@: corroded
A: negative energy resistance 1, electricity resistance, unbreathing,
petrification resistance, rot immunity, AC +9
a: Heroism, Finesse, Renounce Religion


You were on level 3 of the Lair of Beasts.
You worshipped Okawaru.
Okawaru was exalted by your worship.
You were not hungry.

You visited 3 branches of the dungeon, and saw 14 of its levels.
You also visited: Volcano.

You collected 959 gold pieces.
You spent 624 gold pieces at shops.

Inventory:

Hand Weapons
 J - a +6 eveningstar (weapon)
Armour
 c - a +1 shield (worn)
 d - a +2 cloak (worn)
 t - a +2 pair of boots (worn)
 H - the +11 crystal plate armour "Nonaent" (worn) {rPois rN+}
   (You acquired it on level 5 of the Dungeon)

   It protects you from poison.
   It protects you from negative energy.
 K - a +2 hat (worn)
Jewellery
 i - a ring of positive energy (left hand)
 q - an uncursed amulet of the gourmand
 u - a ring of resist corrosion (right hand)
 y - an uncursed ring of see invisible
 G - the amulet of Lady Luck (around neck) {Reflect Str+6 SH+4}
   (You took it off a crimson imp on level 7 of the Dungeon)

   [amulet of reflection]

   It shields you and reflects attacks.
   It affects your strength (+6).
   It affects your SH (+4).
Wands
 F - a wand of flame (31/48)
Scrolls
 a - a scroll of enchant weapon
 e - 8 scrolls of remove curse
 k - 4 scrolls of recharging
 m - 8 scrolls of teleportation
 z - a scroll of magic mapping
 B - a scroll of amnesia
 L - a scroll of immolation
Potions
 b - 3 potions of lignification
 h - a potion of heal wounds
 j - a potion of resistance
 l - 4 potions of mutation
 n - 3 potions of brilliance
 p - 2 potions of agility
 r - a potion of berserk rage
 s - 5 potions of invisibility
 v - 9 potions of curing {unknown}
 x - 4 potions of might
 A - 4 potions of haste {unknown}
 D - a potion of magic {unknown}
Miscellaneous
 w - a lightning rod (4/4)
 I - a crystal ball of energy
Comestibles
 f - 8 bread rations
 g - 4 meat rations
 o - 16 royal jellies
 C - 20 fruits


   Skills:
 + Level 6.4 Fighting
 * Level 14.6 Maces & Flails
 + Level 6.5 Armour
 + Level 4.1 Dodging
 + Level 12.1 Shields
 + Level 3.8 Translocations
 + Level 6.5 Invocations
 + Level 4.3 Evocations


You had 11 spell levels left.
You knew the following spells:

 Your Spells              Type           Power        Failure   Level  Hunger
a - Apportation           Tloc           #.....       100%        1    ##.....


Dungeon Overview and Level Annotations

Branches:
Dungeon (10/15)            Temple (1/1) D:5            Lair (3/6) D:9
 Spider (0/4) Lair:2          Orc (0/2) D:10
  Swamp: Lair:2-4    Shoals: Lair:2-4

Altars:
Ashenzari
Cheibriados
Dithmenos
Elyvilon
Fedhas
Gozag
Hepliaklqana
Kikubaaqudgha
Makhleb
Nemelex Xobeh
Okawaru
Qazlal
Sif Muna
Trog
Uskayaw
Vehumet
Wu Jian
Xom
Yredelemnul
Zin
The Shining One
Lugonu

Shops:
D:5 ?

Annotations:
Lair:3 exclusion: 4 oklob plants


Innate Abilities, Weirdness & Mutations

You are resistant to torment.
Your stone body is resilient. (AC +9)
You are immune to poison.
You resist negative energy. (rN+)
You are resistant to electric shocks. (rElec)
You can survive without breathing.
You are immune to petrification.
You are immune to rotting.


Message History

The oklob plant spits acid at you. The splash of acid hits you! You resist.
You are splashed with acid!
The acid burns!
You resist.
* * * LOW HITPOINT WARNING * * *
Unknown command.
Unknown command.
The oklob plant spits acid at you. The splash of acid hits you! You resist.
* * * LOW HITPOINT WARNING * * *
You are splashed with acid!
The acid burns!
You resist.
* * * LOW HITPOINT WARNING * * *
The oklob plant spits acid at you. The splash of acid hits you! You resist.
* * * LOW HITPOINT WARNING * * *
The acid corrodes you!
You are splashed with acid!
The acid burns!
You resist.
* * * LOW HITPOINT WARNING * * *
The oklob plant spits acid at you. The splash of acid hits you!
The acid corrodes you!
You are splashed with acid!
The acid burns!
You resist.
You die...

..........P#...#...##
####..........P#....#
#.##......##....#..##
...+.....>##...+...#
...P......P#...##..#
..........##....#..#
...............##..#
.#.PP........#.#...#
##........#PP.#.@#######
........÷.........P((.$#
..................)..$.#
..................$....#
.................P?P?P.#
.................P)P$.!#
.................#######
.##.#./.#..#....##.##
.##..#..###.PP..##..#


You could see 4 oklob plants.

Vanquished Creatures
  4 hydras
  2 two-headed ogres
  Urug (D:10)
  A hell knight (Volcano)
  An unseen horror (D:9)
  Pikel (D:5)
  5 ugly things
  5 elephants (Lair:3)
  Maurice (D:8)
  2 black mambas
  3 spiny frogs
  A smoke demon (Volcano)
  A centaur skeleton (D:10)
  A rime drake (Lair:3)
  3 komodo dragons
  A red devil (Volcano)
  A troll (D:9)
  A polar bear (Lair:3)
  A queen bee (Lair:2)
  9 hippogriffs
  17 yaks
  A basilisk (Lair:3)
  Eustachio (D:4)
  6 small abominations (D:9)
  A hungry ghost (D:7)
  Edmund (D:4)
  3 hell hounds
  4 water moccasins
  6 porcupines
  5 orc warriors
  2 ice beasts
  A black bear (Lair:1)
  2 necrophages
  3 phantoms
  4 ogres
  12 wolves
  4 centaurs
  A crocodile (Lair:2)
  A big kobold (D:7)
  A crocodile (shapeshifter) (D:7)
  9 bullfrogs
  The ghost of newuser the Chopper, an amateur VSWn (D:3)
  A water moccasin zombie (D:7)
  3 scorpions
  4 wights (D:6)
  36 killer bees
  An electric eel (Lair:3)
  A howler monkey (D:6)
  2 centaur zombies
  7 crimson imps
  6 hounds
  A bullfrog zombie (D:7)
  A jelly (D:10)
  3 orc priests
  7 orc wizards
  Crazy Yiuf (D:3)
  5 bullfrog skeletons
  Terence (D:3)
  4 iguanas
  7 worker ants
  A hound zombie (D:7)
  A worker ant zombie (D:9)
  3 gnolls (D:7)
  A howler monkey skeleton (D:7)
  14 adders
  A shadow imp (D:9)
  3 adder skeletons
  2 worms
  A dart slug (D:2)
  2 leopard geckos
  32 orcs
  A ball python (D:4)
  5 bats
  7 giant cockroaches
  5 goblins
  7 hobgoblins
  5 quokkas
  4 frilled lizards
  4 kobolds
  A quokka skeleton (D:7)
  8 rats
  A plant (Lair:3)
331 creatures vanquished.

Vanquished Creatures (others)
  An orc (D:10)
  A ball python (D:6)
  A fungus (Lair:3)
  2 plants (Lair:3)
5 creatures vanquished.

Grand Total: 336 creatures vanquished

Notes
Turn   | Place    | Note
-------+----------+-------------------------------------------
     0 | D:1      | Ordine the Gargoyle Fighter began the quest for the Orb.
     0 | D:1      | Reached XP level 1. HP: 14/14 MP: 1/1
   211 | D:1      | Reached XP level 2. HP: 19/19 MP: 2/2
   823 | D:2      | Reached XP level 3. HP: 16/23 MP: 3/3
   866 | D:2      | Reached skill level 3 in Maces & Flails
  1157 | D:3      | Found a glowing silver altar of Zin.
  1402 | D:3      | Noticed Terence
  1415 | D:3      | Killed Terence
  1415 | D:3      | Reached XP level 4. HP: 19/28 MP: 4/4
  1648 | D:3      | Noticed newuser's ghost (amateur VSWn)
  1654 | D:3      | Killed newuser's ghost
  1654 | D:3      | Reached skill level 4 in Maces & Flails
  1654 | D:3      | Reached XP level 5. HP: 31/32 MP: 5/5
  2037 | D:3      | Found a runed door.
  2041 | D:3      | Noticed Crazy Yiuf
  2045 | D:3      | Killed Crazy Yiuf
  2133 | D:4      | Found a basalt altar of Yredelemnul.
  2157 | D:4      | Found a snail-covered altar of Cheibriados.
  2195 | D:4      | Reached skill level 5 in Shields
  2214 | D:4      | Reached skill level 5 in Maces & Flails
  2214 | D:4      | Reached XP level 6. HP: 36/37 MP: 6/6
  2280 | D:4      | Noticed an ice beast
  2303 | D:4      | Killed an ice beast
  2452 | D:4      | Noticed Edmund
  2472 | D:4      | Killed Edmund
  2472 | D:4      | Reached XP level 7. HP: 41/41 MP: 7/7
  2541 | D:4      | Noticed a two-headed ogre
  2569 | D:4      | Killed a two-headed ogre
  2569 | D:4      | Reached skill level 7 in Maces & Flails
  2569 | D:4      | Reached XP level 8. HP: 29/46 MP: 8/8
  2579 | D:4      | Reached skill level 8 in Maces & Flails
  2777 | D:4      | Found a glowing golden altar of the Shining One.
  3057 | D:5      | Entered Level 5 of the Dungeon
  3066 | D:5      | Noticed Eustachio
  3117 | D:4      | Killed Eustachio
  3186 | D:5      | Got a slimy buckler
  3197 | D:5      | Identified the +3 buckler "Egugyekoih" {Stlth+} (You found it on level 5 of the Dungeon)
  3241 | D:5      | Found a staircase to the Ecumenical Temple.
  3265 | Temple   | Entered the Ecumenical Temple
  3355 | D:5      | Found Mutac's Magic Scroll Emporium.
  3374 | D:5      | Found an iron altar of Okawaru.
  3380 | D:5      | Became a worshipper of Warmaster Okawaru
  3532 | D:5      | Found a shimmering altar of Xom.
  3540 | D:5      | Got a dazzling ring mail
  3551 | D:5      | Identified the +3 ring mail "Takukkue" {Regen+ Str-4 Int+2 Slay+5} (You found it on level 5 of the Dungeon)
  3564 | D:5      | Found a shattered altar of Ashenzari.
  3675 | D:5      | Found an ornate altar of the Wu Jian Council.
  3841 | D:6      | Noticed Pikel
  3883 | D:5      | Killed Pikel
  3883 | D:5      | Reached skill level 9 in Maces & Flails
  3883 | D:5      | Reached XP level 9. HP: 51/51 MP: 9/9
  4080 | D:6      | Reached skill level 10 in Maces & Flails
  4126 | D:6      | Reached * piety under Okawaru
  4239 | D:6      | Found a hazy altar of Hepliaklqana.
  4552 | D:6      | Found a radiant altar of Vehumet.
  4924 | D:7      | Found a sparkling altar of Nemelex Xobeh.
  5064 | D:7      | Reached skill level 11 in Maces & Flails
  5074 | D:7      | Reached ** piety under Okawaru
  5110 | D:7      | Reached XP level 10. HP: 56/56 MP: 10/10
  5198 | D:7      | Got a steaming steel amulet
  5204 | D:7      | Got a shimmering ring mail
  5355 | D:7      | Found a hide-covered altar of Uskayaw.
  5441 | D:7      | Found a bloodstained altar of Trog.
  5530 | D:7      | Reached *** piety under Okawaru
  5530 | D:7      | Reached skill level 12 in Maces & Flails
  5540 | D:7      | Reached skill level 10 in Shields
  5628 | D:7      | Identified the cursed +0 ring mail "Odeqet" {Str+6} (You took it off an orc on level 7 of the Dungeon)
  5657 | D:7      | Identified the amulet of Lady Luck {Reflect Str+6 SH+4} (You took it off a crimson imp on level 7 of the Dungeon)
  5762 | D:8      | Noticed Maurice
  5768 | D:8      | Killed Maurice
  6042 | D:8      | Reached **** piety under Okawaru
  6042 | D:8      | Reached skill level 1 in Invocations
  6366 | D:9      | Found a staircase to the Lair.
  6392 | D:9      | Reached XP level 11. HP: 60/60 MP: 12/12
  6397 | D:9      | Noticed a two-headed ogre
  6557 | D:9      | Reached skill level 13 in Maces & Flails
  6575 | D:9      | Killed a two-headed ogre
  6575 | D:9      | Reached ***** piety under Okawaru
  6946 | D:9      | Found a stormy altar of Qazlal.
  6963 | D:9      | Found a transporter.
  6970 | D:9      | Found a corrupted altar of Lugonu.
  6973 | D:9      | Noticed a cyan ugly thing
  6974 | D:9      | Noticed a red ugly thing
  6974 | D:9      | Noticed a green ugly thing
  6974 | D:9      | Found a transporter.
  6974 | D:9      | Noticed a white ugly thing
  6987 | D:9      | Killed a white ugly thing
  6987 | D:9      | Received a gift from Okawaru
  6997 | D:9      | Killed a green ugly thing
  7001 | D:9      | Killed a green ugly thing
  7001 | D:9      | Reached skill level 1 in Dodging
  7005 | D:9      | Killed a green ugly thing
  7005 | D:9      | Reached skill level 1 in Evocations
  7049 | D:9      | Killed an unseen horror
  7137 | D:9      | Learned a level 1 spell: Apportation
  7142 | D:9      | Got a crystal eveningstar {god gift}
  7276 | D:5      | Bought a scroll of acquirement for 624 gold pieces
  7276 | D:5      | Identified the +2 eveningstar of the Lost Suns {crush, rC+ MP+9 Dex+4} (Okawaru gifted it to you on level 9 of the Dungeon)
  7283 | D:5      | Got a dazzling crystal plate armour
  7295 | D:5      | Identified the +11 crystal plate armour "Nonaent" {rPois rN+} (You acquired it on level 5 of the Dungeon)
  7359 | D:10     | Entered Level 10 of the Dungeon
  7361 | D:10     | Found a staircase to the Orcish Mines.
  7626 | D:10     | Received a gift from Okawaru
  7626 | D:10     | Reached skill level 1 in Translocations
  7691 | D:10     | Noticed Urug
  7714 | D:10     | Killed Urug
  7714 | D:10     | Reached XP level 12. HP: 60/68 MP: 15/15
  7922 | D:10     | Reached skill level 5 in Fighting
  7983 | D:10     | Reached skill level 5 in Armour
  8186 | Lair:1   | Entered Level 1 of the Lair of Beasts
  8365 | Lair:1   | Reached skill level 5 in Invocations
  8500 | Lair:1   | Got a shadowed robe
  8511 | Lair:1   | Identified the +2 robe of Ushrufuts {*Corrode +Fly Int+2} (You found it on level 1 of the Lair of Beasts)
  8761 | Lair:2   | Found a hole to the Spider Nest.
  8775 | Lair:2   | Noticed a five-headed hydra
  8799 | Lair:2   | Killed a five-headed hydra
  8860 | Lair:2   | Reached skill level 14 in Maces & Flails
  9043 | Lair:2   | Found a dark tunnel.
  9052 | Volcano  | Entered a volcano
  9097 | Volcano  | Noticed a hell knight
  9112 | Volcano  | Killed a hell knight
  9489 | Lair:2   | Noticed a four-headed hydra
  9500 | Lair:2   | Killed a four-headed hydra
  9604 | Lair:2   | Noticed a seven-headed hydra
  9611 | Lair:2   | Killed a seven-headed hydra
  9752 | Lair:2   | Reached ****** piety under Okawaru
 10025 | Lair:3   | Noticed a six-headed hydra
 10031 | Lair:3   | Killed a six-headed hydra
 10031 | Lair:3   | Reached XP level 13. HP: 66/74 MP: 17/17
 10122 | Lair:3   | Received a gift from Okawaru
 11432 | Lair:3   | HP: 2/75 [acid (6)]
 11432 | Lair:3   | Splashed by an oklob plant's acid

Vault maps used:
D:1:      dpeg_arrival_subterranean_lakeside_camping
D:3:      zin_statuary, serial_aquarium, aquarium_bridge_square,
          aquarium_bridge_straight, aquarium_window_2,
          aquarium_window_corridor_2, aquarium_view_2f, aquarium_pool_side,
          uniq_crazy_yiuf_cottage, uniq_terence
D:4:      overflow_temple_1_default, lemuel_doored_altar, lemuel_round_altar,
          first_bread, small_statue_intersection, minmay_hedge_maze, uniq_edmund
D:5:      cheibrodos_ashenzari_chains, xom_teletrap_fun, okawaru_trees_2,
          overflow_temple_1_default, minmay_temple_entry_overgrown,
          serial_shops, shop, uniq_eustachio
D:6:      kennysheep_little_box, serial_glass, glass_columns_b, glass_columns_b,
          glass_columns_b, glass_columns_a, glass_columns_a, feat_on_display,
          minmay_strange_pillars, due_unseen_surprise, minmay_strange_pillars,
          basic_altar, uniq_pikel
D:7:      minmay_the_grid_square_5x5_3x3, overflow_temple_1_default,
          basic_altar, nemelex_lonely_heart_becter
D:8:      uniq_maurice
D:9:      gammafunk_corrupted_shrine, nicolae_overflow_hidden_temple,
          nicolae_qazlal_eye_of_the_storm, minmay_lair_entry_lava
D:10:     orc_0_dummy, uniq_urug
Temple:   eino_wide_crystal_templ
Lair:1:   ldierk_geyser
Lair:2:   dummy_spider_entry, special_room, nicolae_volcano_entry_lava_flow,
          grunt_megastairs_1, lemuel_fruit_fields, lemuel_fruit_fields
Lair:3:   minmay_lair_oklob_chamber, serial_bayou_shore_b, serial_bayou_shore_a
Volcano:  volcano_pools

Skill      XL: |  1  2  3  4  5  6  7  8  9 10 11 12 13 |
---------------+----------------------------------------+-----
Maces & Flails | 3 4 5 7 9 11 12 13 14 | 14.6
Shields        | 4 5 7 8 9 10 11 12 | 12.1
Invocations    | 2 4 6 |  6.5
Dodging        | 2 3 4 |  4.1
Evocations     | 2 4 |  4.3
Fighting       | 4 6 |  6.4
Armour         | 4 5 6 |  6.5
Translocations | 1 3 |  3.8

Action                   |  1- 3 |  4- 6 |  7- 9 | 10-12 | 13-15 || total
-------------------------+-------+-------+-------+-------+-------++-------
Melee: Flail             |   112 |   101 |   364 |    65 |       ||   642
       Morningstar       |       |       |       |   230 |       ||   230
       Eveningstar       |       |       |       |   451 |   146 ||   597
Invok: Heroism           |       |       |       |     1 |       ||     1
       Finesse           |       |       |       |     1 |       ||     1
  Use: Scroll            |     5 |     2 |     5 |    11 |     2 ||    25
       Potion            |       |     1 |       |     2 |     1 ||     4
  Eat: Chunk             |     2 |    14 |    11 |    16 |     2 ||    45
       Bread ration      |       |       |     1 |       |       ||     1
       Royal jelly       |       |       |       |       |     1 ||     1
Armor: Scale mail        |    12 |       |       |       |       ||    12
       Chain mail        |    50 |    56 |    63 |       |       ||   169
       Ring mail         |       |       |    94 |    93 |       ||   187
       Crystal plate arm |       |       |       |   377 |   114 ||   491
       Skin              |       |       |       |    29 |       ||    29
Dodge: Dodged            |    25 |    20 |   104 |   147 |    22 ||   318
Block: Shield            |    64 |    35 |   188 |   737 |   149 ||  1173
       Reflection        |       |       |       |     9 |     6 ||    15
